 Dungeon Crawl Stone Soup version 0.30-a0-596-g0af90f9a20 (console) character file.

Game seed: 17127384378393324626

2443 Lianjan the Arsonist (level 9, -7/54 HPs)
             Began as a Deep Elf Fire Elementalist on Jan 7, 2023.
             Was a Follower of Vehumet.
             Killed from afar by an electric eel (9 damage)
             ... with a bolt of electricity
             ... on level 8 of the Dungeon.
             The game lasted 00:34:58 (7481 turns).

Lianjan the Arsonist (Deep Elf Fire Elementalist)   Turns: 7481, Time: 00:34:58

Health: -7/54      AC: 11    Str:  5    XL:     9   Next: 25%
Magic:  2/17       EV: 11    Int: 25    God:    Vehumet [*.....]
Gold:   387        SH:  0    Dex: 15    Spells: 2/17 levels left

rFire   . . .      SeeInvis .    y - +4 club (spect)
rCold   + . .      Faith    .    (no shield)
rNeg    . . .      Spirit   .    l - +0 leather armour
rPois   .          Reflect  .    n - +0 helmet
rElec   .          Harm     +    v - +2 cloak {rCorr}
rCorr   +          Rampage  .    j - +1 pair of gloves
Will    .....                    m - +1 pair of boots "Viykk" {Harm}
Stlth   ++                       (no amulet)
HPRegen 0.29/turn                f - ring of protection from cold
MPRegen 0.15/turn                u - ring of wizardry

@: no status effects
A: no striking features
a: Renounce Religion


You were on level 8 of the Dungeon.
You worshipped Vehumet.
Vehumet was aware of your devotion.
You visited 2 branches of the dungeon, and saw 9 of its levels.

You collected 387 gold pieces.

Inventory:

Hand Weapons
 y - a +4 spectral club (weapon)
Missiles
 k - 6 javelins
 q - 4 throwing nets
 z - 11 boomerangs
 A - 3 atropa-tipped darts
Armour
 a - a +0 robe
 j - a +1 pair of gloves (worn)
 l - a +0 leather armour (worn)
 m - the +1 pair of boots "Viykk" (worn) {Harm}
   (You found it on level 3 of the Dungeon)

   Harm:      It increases damage dealt and taken.
 n - a +0 helmet (worn)
 t - a +1 ring mail of fire resistance
 v - a +2 cloak of preservation (worn)
Jewellery
 f - a ring of protection from cold (left hand)
 u - a ring of wizardry (right hand)
 B - a ring of wizardry
Wands
 w - a wand of iceblast (6)
 F - a wand of quicksilver (5)
Scrolls
 c - a scroll of brand weapon
 r - 5 scrolls of amnesia
 D - a scroll of identify
 G - a scroll of fog
Potions
 b - a potion of magic
 d - 4 potions of mutation
 e - 4 potions of haste
 g - 2 potions of heal wounds {unknown}
 h - 5 potions of flight
 i - 3 potions of might
 o - a potion of ambrosia
 p - 4 potions of curing
 s - a potion of resistance {unknown}
 x - a potion of berserk rage {unknown}
 C - a potion of cancellation {unknown}
 E - a potion of invisibility {unknown}
 I - a potion of attraction {unknown}


   Skills:
 - Level 5.0 Fighting
 - Level 2.4 Dodging
 - Level 2.4 Stealth
 - Level 4.6 Spellcasting
 + Level 5.8 Conjurations
 + Level 2.9 Transmutations
 - Level 10.0 Fire Magic


You had 2 spell levels left.
You knew the following spells:

 Your Spells              Type           Power      Damage    Failure   Level
a - Foxfire               Conj/Fire      100%       2x1d9     1%          1
b - Scorch                Fire           100%       2d10      1%          2
c - Kindle Blastsparks    Fire/Tloc/Air  44%        2d13      4%          3
d - Flame Wave            Conj/Fire      45%        2d12      2%          4
e - Irradiate             Conj/Tmut      13%        3d16      26%         5

Your spell library contained the following spells:

 Spells                   Type           Power      Damage    Failure   Level
 Shock                    Conj/Air       80%        1d8       1%          1
 Passwall                 Tmut/Erth      10%        N/A       4%          2
 Sandblast                Erth           10%        2d5       6%          1
 Sublimation of Blood     Necr           5%         N/A       9%          2
 Inner Flame              Hex/Fire       30%        N/A       2%          3
 Stone Arrow              Conj/Erth      40%        3d9       5%          3
 Petrify                  Tmut/Erth      13%        N/A       30%         4


Dungeon Overview and Level Annotations

Branches:
Dungeon (8/15)             Temple (1/1) D:6            Lair (0/5) D:8

Altars:
Ashenzari
Cheibriados
Dithmenos
Elyvilon
Fedhas
Gozag
Hepliaklqana
Kikubaaqudgha
Makhleb
Nemelex Xobeh
Qazlal
Ru
Sif Muna
Uskayaw
Vehumet
Wu Jian
Xom
Yredelemnul
Zin

Shops:
D:2 :   D:5 *


Message History

You kill the wolf!
Vehumet accepts your kill.
The flame wave engulfs the troll.
The troll is moderately wounded.
You hear a bark!
A wave of flame ripples out!
The flame wave engulfs the troll!
The troll is severely wounded.
The flame wave engulfs the orc priest!
You kill the orc priest!
Vehumet accepts your kill.
You finish channelling waves of flame.
The troll bites you!
* * * LOW HITPOINT WARNING * * *
The troll claws you but does no damage. The troll misses you.
You don't have enough magic to cast this spell.
As you read the scroll of teleportation, it crumbles to dust.
You feel strangely unstable. The troll barely misses you.
The troll claws you but does no damage. The troll closely misses you.
An orc wizard comes into view. It is wielding a +0 dagger.
The orc wizard shouts!
An orc comes into view. It is wielding a +0 dagger.
Your surroundings suddenly seem different. 2 electric eels come into view.
Found a staircase to the Lair.
The electric eel shoots out a bolt of lightning at you!
The bolt of electricity hits the electric eel.
The electric eel completely resists.
The bolt of electricity hits you!
* * * LOW HITPOINT WARNING * * *
Okay, then.
Okay, then.
Aiming: Iceblast
Press: ? - help, Shift-Dir - straight line The mass of ice explodes!
The iceblast engulfs the electric eel!
The electric eel is almost dead.
The iceblast engulfs the electric eel!
The electric eel is heavily wounded.
The iceblast engulfs the wolf!
The wolf is heavily wounded.
You hear a bark!
You hear a shout!
The electric eel shoots out a bolt of lightning at you!
The bolt of electricity hits you!
You die...

##..#######T..#
........)..h..#
..............#
..............#
.........†....#
..............#..
##..##............
#..##.~....†.~....
...
#.$.~...h.~.... ..
#....~.~~≈†§~..
#.@..S≈S≈≈.~~≈~
#.~.~≈≈≈≈≈~~≈~.
#.≈~~≈≈~h≈~~≈≈
##~≈≈≈≈.≈.~.~
.~≈≈≈≈~..
.~≈≈≈~..>
.~≈≈≈~~..
#.~~≈≈≈~..


You could see a wolf, a hound and 2 electric eels.

Vanquished Creatures
  2 hornets
  Sigmund (D:3)
  A water moccasin (D:7)
  An ice beast (D:6)
  2 black bears
  2 orc warriors
  A sky beast (D:7)
  A wolf (D:8)
  An ogre (D:7)
  A phantom (D:4)
  A gnoll sergeant (D:8)
  2 bullfrogs
  3 electric eels (D:8)
  4 hounds
  4 orc priests
  Crazy Yiuf (D:3)
  Ijyb (D:4)
  2 iguanas
  An orc wizard (D:6)
  17 gnolls
  9 adders
  A shadow imp (D:5)
  An ufetubus (D:5)
  2 worms (D:3)
  A dart slug (D:5)
  19 orcs
  9 endoplasms
  2 giant cockroaches
  6 goblins
  4 hobgoblins
  4 jackals (D:2)
  5 quokkas
  7 ball pythons
  5 bats
  3 frilled lizards
  6 kobolds
  6 rats
139 creatures vanquished.

Vanquished Creatures (collateral kills)
  An orc (D:6)
  2 foxfires (D:1)
3 creatures vanquished.

Vanquished Creatures (others)
  398 foxfires
398 creatures vanquished.

Grand Total: 540 creatures vanquished

Notes
Turn   | Place    | Note
-------+----------+-------------------------------------------
     0 | D:1      | Lianjan the Deep Elf Fire Elementalist began the quest for
                  | the Orb.
     0 | D:1      | Reached XP level 1. HP: 10/10 MP: 6/6
   347 | D:1      | Reached XP level 2. HP: 15/15 MP: 5/8
   415 | D:1      | Found a faded altar of an unknown god.
   682 | D:1      | Learned a level 2 spell: Scorch
  1114 | D:2      | Reached XP level 3. HP: 19/19 MP: 3/9
  1139 | D:1      | Learned a level 3 spell: Kindle Blastsparks
  1239 | D:1      | Reached XP level 4. HP: 16/24 MP: 1/10
  1285 | D:2      | Reached skill level 4 in Fire Magic
  1694 | D:2      | Reached skill level 1 in Fighting
  2067 | D:2      | Found Fetub's Vocational Training.
  2339 | D:3      | Noticed Sigmund
  2346 | D:3      | Killed Sigmund
  2347 | D:3      | Reached skill level 5 in Conjurations
  2347 | D:3      | Reached skill level 5 in Fire Magic
  2347 | D:3      | Reached XP level 5. HP: 28/29 MP: 4/11
  2347 | D:3      | Reached XP level 6. HP: 33/34 MP: 4/12
  2556 | D:3      | Found a runed translucent door.
  2557 | D:3      | Noticed Crazy Yiuf
  2563 | D:3      | Killed Crazy Yiuf
  3026 | D:3      | Identified the +1 pair of boots "Viykk" {Harm}
  3509 | D:4      | Found a shimmering blue altar of Sif Muna.
  3511 | D:4      | Found a burning altar of Makhleb.
  3568 | D:4      | Found a hide-covered altar of Uskayaw.
  3568 | D:4      | Found a broken altar of Ashenzari.
  3598 | D:4      | Noticed Ijyb
  3603 | D:4      | Killed Ijyb
  3802 | D:4      | Reached skill level 6 in Fire Magic
  4070 | D:4      | Reached XP level 7. HP: 38/38 MP: 11/15
  4330 | D:4      | Learned a level 4 spell: Flame Wave
  4401 | D:5      | Entered Level 5 of the Dungeon
  4493 | D:5      | Found Hocotese's Neck Hole.
  5185 | D:6      | Found a staircase to the Ecumenical Temple.
  5201 | Temple   | Entered the Ecumenical Temple
  5363 | Temple   | Became a worshipper of Vehumet
  5423 | D:6      | Reached skill level 7 in Fire Magic
  5532 | D:6      | Reached skill level 8 in Fire Magic
  5914 | D:6      | Reached XP level 8. HP: 32/46 MP: 12/16
  6442 | D:7      | Reached skill level 5 in Fighting
  6641 | D:7      | Noticed a hornet
  6646 | D:7      | Killed a hornet
  6647 | D:7      | Reached skill level 9 in Fire Magic
  6833 | D:7      | Found a sparkling altar of Nemelex Xobeh.
  7152 | D:8      | Noticed a hornet
  7159 | D:8      | Killed a hornet
  7160 | D:8      | Reached XP level 9. HP: 41/54 MP: 9/17
  7166 | D:8      | Learned a level 5 spell: Irradiate
  7305 | D:8      | Reached * piety under Vehumet
  7305 | D:8      | Offered knowledge of Shock by Vehumet.
  7306 | D:8      | Reached skill level 1 in Transmutations
  7306 | D:8      | Reached skill level 10 in Fire Magic
  7469 | D:8      | Noticed a troll
  7480 | D:8      | Found a staircase to the Lair.
  7480 | D:8      | HP: 2/54 [electric eel/bolt of electricity (9)]
  7481 | D:8      | Killed from afar by an electric eel

Illustrated notes

Levels and vault maps discovered:
D:1:      dpeg_arrival_castle, layout_loops_cross,
          shapermc_ecumenical_altar_starsandcircs
D:2:      layout_loops_ring, palyth_stone_intersect, nicolae_shop_vocational
D:3:      layout_basic, uniq_crazy_yiuf_cottage, uniq_sigmund
D:4:      layout_basic, nicolae_overflow_hidden_temple, uniq_ijyb
D:5:      layout_rooms, minmay_tree_intersection,
          nicolae_shop_sticking_my_neck_out
D:6:      layout_cave_pools, minmay_temple_entry_large_hall, serial_glass,
          glass_columns_b, glass_columns_a
D:7:      layout_basic, nemelex_dance_club_becter,
          minmay_fractal_squares_diagonal_5
D:8:      layout_gridville, erik_lair_island
Temple:   nicolae_temple_superstar

Skill      XL: |  1  2  3  4  5  6  7  8  9 |
---------------+----------------------------+-----
Conjurations   | 2 3 4 5 |  5.8
Fire Magic     | 5 6 8 9 10 | 10.0
Fighting       | 1 3 5 |  5.0
Spellcasting   | 4 |  4.6
Transmutations | 2 |  2.9
Dodging        | |  2.4
Stealth        | |  2.4

Action                   |  1- 3 |  4- 6 |  7- 9 || total
-------------------------+-------+-------+-------++-------
Melee: Hand axe          |     1 |     1 |       ||     2
       Club              |       |     2 |     4 ||     6
       Punch             |       |       |     1 ||     1
 Cast: Foxfire           |    49 |    79 |   110 ||   238
       Scorch            |     5 |    33 |    23 ||    61
       Flame Wave        |       |       |     2 ||     2
       Kindle Blastspark |       |       |     1 ||     1
Evoke: Wand              |       |       |     1 ||     1
  Use: Scroll            |       |     5 |    14 ||    19
Armor: Robe              |     5 |       |       ||     5
       Leather armour    |     2 |       |    10 ||    12
       Ring mail         |       |     3 |       ||     3
Dodge: Dodged            |    18 |     6 |    11 ||    35

Table legend: (Time is in decaauts)
 A = Elapsed time spent in this place.
 B = Non-inter-level travel time spent in this place.
 C = Inter-level travel time spent in this place.
 D = Time resting spent in this place.
 E = Time spent auto-exploring this place.
 F = Levels seen in this place.
 G = Mean time per level.
                   A        B        C        D        E       F      G
               +--------+--------+--------+--------+--------+-----+--------+
         Total |   7474 |   7167 |    307 |   1014 |   5019 |   9 |  830.4 |
       Dungeon |   7300 |   7030 |    270 |   1014 |   4897 |   8 |  912.5 |
        Temple |    173 |    136 |     37 |      0 |    122 |   1 |  173.0 |
               +--------+--------+--------+--------+--------+-----+--------+

Top non-repeatable levels by time:
     D:1: 1256 daAuts
     D:3: 1156 daAuts
     D:4: 1004 daAuts
     D:2: 973 daAuts
     D:7: 958 daAuts
     D:6: 853 daAuts
     D:5: 762 daAuts
     D:8: 335 daAuts
  Temple: 173 daAuts
